 Dungeon Crawl Stone Soup version 0.17-a0-913-g36eb389 (webtiles) character file.

122992 Zwobot the Severer (level 16, 0/139 HPs)
             Began as a Centaur Chaos Knight on May 3, 2015.
             Engulfed by a cloud of ghostly flame (6 damage)
             ... on level 4 of the Swamp.
             The game lasted 03:47:51 (39649 turns).

Zwobot the Severer (Centaur Chaos Knight)          Turns: 39649, Time: 03:47:51

Health: 0/139      AC: 28    Str: 19    XL:     16   Next: 35%
Magic:  21/21      EV: 18    Int:  9    God:    Xom [...*..]
Gold:   3359       SH:  0    Dex: 19    Spells: 1 memorised, 14 levels left

rFire  + . .     SeeInvis +     a - +5 battleaxe
rCold  . . .     Clarity  .     p - +3 ring mail {rPois}
rNeg   . . .     SustAb   .     (no shield)
rPois  +         Gourm    .     (helmet restricted)
rElec  +         Spirit   .     V - +2 cloak
rCorr  .         Warding  .     r - +0 pair of gloves of Jopsus {rF+} (curse)
rMut   .         Stasis   .     N - +3 centaur barding {Stlth+}
MR     ++...                    L - amulet of Vitality {Regen+ HP+15}
Stlth  +++.......               g - ring of see invisible
                                W - +2 ring of dexterity

@: agile, drained, very quick, very resistant to hostile enchantments, fairly
stealthy
A: beak, hooves 3, horns 1, icy blue scales 1, rugged brown scales 1, slimy
green scales 1, blink 1, blurry vision 1, deformed body, deterioration 1, dopey
1, speed 2, frail 1, magic resistance 1, electricity resistance, slow healing 1,
tough skin 3, wild magic 2, evolution 1
a: Blink, Renounce Religion


You were on level 4 of the Swamp.
You worshipped Xom.
You were a favourite toy of Xom.
You were not hungry.

You visited 5 branches of the dungeon, and saw 33 of its levels.
You also visited: Ossuary and Ice Cave.

You collected 3534 gold pieces.
You spent 175 gold pieces at shops.

Inventory:

Hand weapons
 a - a +5 battleaxe (weapon)
 J - a +1 blowgun
 Q - a +2 hand axe of flaming
Missiles
 B - 7 javelins (quivered)
 C - 15 curare-tipped needles
Armour
 p - a +3 ring mail of poison resistance (worn)
 r - the cursed +0 pair of gloves of Jopsus (worn) {rF+}
   (You found it on level 2 of the Snake Pit)

   It protects you from fire.
   It has a curse placed upon it.
 N - a +3 centaur barding of stealth (worn)
 V - a +2 cloak (worn)
Rods
 b - a +4 lightning rod (11/12)
   (Xom gifted it to you on level 11 of the Dungeon)
Jewellery
 g - a ring of see invisible (right hand)
 j - an uncursed amulet of clarity
 z - an uncursed amulet of resist mutation
 A - a +4 ring of strength
 L - the amulet of Vitality (around neck) {Regen+ HP+15}
   (You found it on level 10 of the Dungeon)

   [amulet of regeneration]

   It affects your health (+15).
   It increases your rate of regeneration.
 M - an uncursed ring of teleportation
 U - an uncursed ring of positive energy
 W - a +2 ring of dexterity (left hand)
 Z - an uncursed ring of flight
Magical devices
 h - a wand of draining (5)
 l - a wand of paralysis (5)
 w - a wand of fire (1)
 D - a wand of fireball (0)
 H - a wand of disintegration (1)
 P - a wand of fire (10)
Scrolls
 m - a scroll of amnesia
 x - 3 scrolls of recharging
 E - 7 scrolls of teleportation
 G - 13 scrolls of remove curse
 I - 2 scrolls of blinking
 R - 5 scrolls of identify
 T - 2 scrolls of fog
 X - 3 scrolls of immolation
Potions
 d - 2 potions of resistance
 e - 2 potions of cancellation
 f - 2 potions of cure mutation
 i - 4 potions of might
 n - 4 potions of agility
 q - 2 potions of haste
 t - 2 potions of magic
 u - 4 potions of ambrosia
 Y - 2 potions of brilliance
Miscellaneous
 o - a sack of spiders {used: 10}
 s - a fan of gales (inert)
 F - a lamp of fire
 K - a phial of floods
Comestibles
 c - a chunk of flesh
 O - 12 meat rations


   Skills:
 + Level 10.3(9.6) Fighting
 - Level 18.0(17.2) Axes
 - Level 10.2(9.5) Armour
 * Level 9.4(8.7) Dodging
 - Level 5.0(4.4) Necromancy
 + Level 6.8(6.2) Evocations


You had 14 spell levels left.
You knew the following spells:

 Your Spells              Type           Power        Failure   Level  Hunger
a - Animate Skeleton      Necr           N/A          41%         1    ##.....


Dungeon Overview and Level Annotations

Branches:
Dungeon (15/15)            Temple (0/1) D:4            Lair (8/8) D:8
  Swamp (4/4) Lair:3        Snake (2/4) Lair:3        Slime (0/6) Lair:7
    Orc (4/4) D:11            Elf (0/3) Orc:3        Depths (0/5) D:15
 Vaults: D:13-14

Altars:
Ashenzari
Cheibriados
Dithmenos
Fedhas
Kikubaaqudgha
Makhleb
Qazlal
Sif Muna
Trog
Vehumet
Xom
Yredelemnul
Zin
The Shining One
Beogh
Jiyva

Shops:
D:6 [   D:13 [   Orc:4 =[*(

Annotations:
D:11 exclusions: ice statue and obsidian statue
D:14 1 runed door, Rupert


Innate Abilities, Weirdness & Mutations

You have hooves in place of feet.
Armour fits poorly on your strangely shaped body.
You cover ground very quickly.
You have extremely tough skin (AC +3).
You have a beak for a mouth.
You have a pair of small horns on your head.
You are partially covered in icy blue scales (AC +1).
You are partially covered in rugged brown scales (AC +1, +3% HP).
You are partially covered in slimy green scales (AC +2).
You can translocate small distances at will.
Scrolls take you a little longer to read.
Your body sometimes deteriorates upon taking damage.
You are dopey. (Int -2)
You are frail (-10% HP).
You are resistant to hostile enchantments.
You are resistant to electric shocks.
You heal slowly when monsters are visible.
Your spells are harder to cast, but more powerful.
You evolve.


Message History

The ghostly flame engulfs you! The spectral giant leech misses you.
You barely miss the ghost crab. You headbutt the ghost crab.
The ghost crab is almost dead.
You hit the spectral giant leech.
The spectral giant leech is moderately damaged.
You slash the spectral ghost crab!
You destroy the spectral ghost crab!
You slash the spectral seven-headed hydra!
The spectral seven-headed hydra is heavily damaged.
You are engulfed in ghostly flame.
The spectral giant leech fades away!
Unknown command.
You hit the ghost crab. You kick the ghost crab.
You kill the ghost crab!
Your lamp of fire has recharged.
You hit the spectral seven-headed hydra.
The spectral seven-headed hydra is heavily damaged.
You slice the spectral ghost crab!!
The spectral ghost crab is heavily damaged.
You are engulfed in ghostly flame.
You die...

♣.≈≈§.≈...≈≈≈≈,≈≈≈,<,,,
*♣..*≈.≈.≈≈.,≈≈≈≈≈,,,,,
*♣≈♣≈..♣***,≈≈,≈≈≈≈≈≈≈
♣≈.≈=≈♣ *≈,≈≈,≈,≈≈≈≈≈
♣♣≈♣♣♣♣ **≈,,≈*≈,,,≈≈
♣≈...♣ **********≈,
♣♣.§≈♣♣♣♣ **≈≈ ♣♣Z§♣♣≈♣
*≈,≈ ♣§@§§≈♣♣ **,,
♣♣§Z≈≈♣ *** ♣♣≈≈.♣
♣♣♣♣♣


You could see a spectral seven-headed hydra and a spectral ghost crab.

Vanquished Creatures
  Nikola (Snake:1)
  An orc warlord (Orc:4)
  A ghost moth (shapeshifter) (D:15)
  2 rakshasas (D:15)
  3 ettins
  2 naga warriors (Snake:1)
  8 hydras
  A ghost crab (Swamp:4)
  2 anacondas (Snake:1)
  5 death yaks
  2 centaur warriors
  3 tengu warriors (D:15)
  5 orc high priests
  4 naga sharpshooters (Snake:1)
  A deep elf knight (D:15)
  A shambling mangrove (Swamp:1)
  2 deep trolls (D:15)
  2 unseen horrors
  5 swamp dragons
  An ice statue (IceCv)
  A fire crab (Lair:8)
  A wolf spider (D:15)
  4 hill giants
  2 mana vipers (Snake:1)
  3 hornets
  A griffon (Lair:7)
  2 orc knights (Orc:4)
  2 orc sorcerers
  3 cyclopes
  An elephant (Lair:8)
  A salamander (Snake:1)
  A sixfirhy (D:15)
  A naga mage (Snake:1)
  8 black mambas
  2 torpor snails
  A gargoyle (D:12)
  An orange demon (Lair:8)
  18 spiny frogs
  3 kobold demonologists
  An efreet (D:13)
  10 komodo dragons
  A redback zombie (D:13)
  A yaktaur (shapeshifter) (D:9)
  7 trolls
  3 spriggan druids
  A fire drake (shapeshifter) (D:14)
  A fire drake (Lair:6)
  2 giant leeches (Lair:3)
  2 two-headed ogres
  8 polar bears
  8 ravens
  A harpy skeleton (D:14)
  5 shadows
  A trapdoor spider zombie (D:10)
  13 blink frogs
  5 bog bodies
  A spectral ghost crab (Swamp:4)
  The ghost of MordorOrchid the Sneak, an average OpEn of Vehumet (D:4)
  3 redbacks (Lair:8)
  9 wraiths
  A deep elf mage (D:9)
  14 spriggans
  A vampire (D:12)
  2 basilisks
  27 yaks
  3 wyverns
  A fire bat (D:14)
  7 hippogriffs
  10 vampire mosquitoes
  12 insubstantial wisps (Swamp:3)
  5 wargs
  A neqoxec (Orc:4)
  A golden eye (IceCv)
  A soldier ant (D:13)
  A spectral spiny frog (Swamp:4)
  30 wolves
  A steam dragon (D:13)
  9 nagas
  29 swamp worms
  28 orc warriors
  18 ice beasts
  10 porcupines
  17 water moccasins
  6 black bears (Lair:8)
  A swamp drake (shapeshifter) (D:10)
  15 ogres
  6 swamp drakes
  5 wasps
  10 centaurs
  3 boggarts (D:15)
  2 phantoms
  15 crocodiles
  5 sky beasts
  A necrophage (D:11)
  A boring beetle (Lair:6)
  Blork the orc (D:4)
  11 big kobolds
  3 elf zombies (Ossuary)
  20 giant frogs
  7 scorpions
  6 killer bees (D:11)
  A wyvern skeleton (D:13)
  3 wights (D:11)
  An electric eel (Lair:3)
  2 centaur zombies
  11 crimson imps
  A giant frog zombie (D:5)
  7 hounds
  7 quasits
  A wasp zombie (D:13)
  2 human zombies (Ossuary)
  23 orc wizards
  8 centaur skeletons
  A hound (shapeshifter) (D:11)
  3 giant frog skeletons
  4 iron imps
  13 worker ants
  23 orc priests
  12 iguanas
  A spectral orc (Lair:2)
  A big kobold zombie (Ossuary)
  20 sheep
  2 mummies (Ossuary)
  A hound skeleton (D:11)
  A hound zombie (D:5)
  3 worker ant zombies
  15 adders
  11 gnolls
  6 shadow imps
  37 river rats
  15 white imps
  A giant eyeball (D:5)
  7 ufetubi
  An ooze (Orc:3)
  3 adder zombies (Ossuary)
  4 worms
  6 giant geckos
  172 orcs
  18 bats
  3 bat skeletons
  2 giant cockroaches
  28 goblins
  25 hobgoblins
  3 jackals (D:6)
  25 kobolds
  4 quokkas
  A ball python (D:3)
  A giant gecko skeleton (D:5)
  2 giant newts
  A goblin zombie (Ossuary)
  11 hobgoblin zombies (Ossuary)
  A jackal zombie (Ossuary)
  6 kobold zombies (Ossuary)
  8 orc zombies (Ossuary)
  17 rats
  A ballistomycete (D:7)
  14 fungi
  A plant (Lair:8)
1141 creatures vanquished.

Vanquished Creatures (collateral kills)
  3 hydras
  2 death yaks (Lair:8)
  Urug (Orc:1)
  Nergalle (Lair:2)
  A swamp dragon (Swamp:4)
  A shambling mangrove (Swamp:2)
  A wolf spider zombie (D:15)
  A hill giant (D:12)
  4 black mambas
  3 orc sorcerers (Orc:4)
  A griffon (Lair:7)
  2 elephants (Lair:8)
  A rust devil (Orc:4)
  4 spiny frogs
  A centaur skeleton (D:8)
  A hellwing (Orc:4)
  A yaktaur (D:15)
  A giant leech (Lair:3)
  Prince Ribbit (D:9)
  5 komodo dragons
  A two-headed ogre (D:8)
  2 bog bodies (Swamp:4)
  5 blink frogs
  A boulder beetle (Lair:6)
  3 ravens
  A centaur simulacrum (D:15)
  A shadow (D:12)
  A spriggan (Lair:8)
  7 yaks
  A basilisk (Lair:8)
  A steam dragon (Lair:4)
  5 wolves
  2 swamp worms
  A vampire mosquito (Swamp:1)
  3 hippogriffs
  An insubstantial wisp (Swamp:3)
  2 nagas (Snake:1)
  6 water moccasins
  A porcupine (Lair:2)
  2 swamp drakes
  An ice beast (D:6)
  A black bear (Lair:8)
  2 spiders (Swamp:2)
  4 orc warriors
  A phantom (D:8)
  2 ogres
  A centaur (D:8)
  A boring beetle (Lair:8)
  2 crocodiles
  An eye of draining (Lair:2)
  4 giant frogs
  2 crimson imps
  An orc priest (Orc:4)
  A jelly (D:6)
  3 orc wizards
  2 iguanas (Lair:2)
  An iron imp (D:11)
  3 worker ants
  3 sheep (Lair:6)
  3 spectral orcs (Lair:2)
  A mummy (D:7)
  An adder (D:3)
  19 river rats
  A gnoll (D:6)
  3 white imps
  An adder skeleton (D:4)
  A worm (Lair:8)
  15 orcs
  A bat skeleton (D:8)
  A goblin (Orc:1)
  A giant cockroach (D:8)
  2 fungi (Orc:4)
  2 plants
171 creatures vanquished.

Vanquished Creatures (others)
  An alligator (Swamp:3)
  A dancing weapon (D:15)
  2 ball lightnings (Lair:8)
  A fire elemental (Swamp:3)
  A spriggan (Swamp:3)
  An orc warrior (D:11)
  10 spiders
  An iron imp (Orc:1)
  A gnoll (D:6)
  3 shadow imps (Lair:8)
  An ufetubus (Lair:6)
  2 orcs
  A giant spore (D:7)
  A bush (Lair:8)
  9 fungi
  5 plants
41 creatures vanquished.

Grand Total: 1353 creatures vanquished

Notes
Turn   | Place    | Note
--------------------------------------------------------------
     0 | D:1      | Zwobot, the Centaur Chaos Knight, began the quest for the Orb.
     0 | D:1      | Reached XP level 1. HP: 19/19 MP: 1/1
     7 | D:1      | XOM: harmless Divn miscast
   363 | D:1      | Reached XP level 2. HP: 24/26 MP: 2/2
   417 | D:1      | XOM: stat loss: -1 Dex (7/8)
   447 | D:1      | XOM: chaos upgrade
   864 | D:2      | Reached XP level 3. HP: 31/31 MP: 3/3
  1092 | D:2      | XOM: severe Hex miscast
  1138 | D:2      | XOM is BORED!
  1138 | D:2      | XOM: mild Erth miscast
  1147 | D:2      | Found a deep blue altar of Sif Muna.
  1150 | D:2      | Found an ancient bone altar of Kikubaaqudgha.
  1150 | D:2      | Found a radiant altar of Vehumet.
  1155 | D:2      | Identified Vehumet's Tome of Conjuration
  1162 | D:2      | Identified Sif Muna's Collected Works on Enhancements
  1169 | D:2      | Identified Kikubaaqudgha's Collected Works on Evil
  1173 | D:2      | Learned a level 1 spell: Animate Skeleton
  1529 | D:3      | Reached skill level 1 in Dodging
  1644 | D:3      | Found a stormy altar of Qazlal.
  1649 | D:3      | Found a blossoming altar of Fedhas.
  1733 | D:3      | Reached XP level 4. HP: 33/38 MP: 4/4
  1832 | D:3      | XOM: smoke on damage
  1843 | D:3      | XOM: silly message
  1875 | D:3      | Found a basalt altar of Yredelemnul.
  2268 | D:3      | Found a shattered altar of Ashenzari.
  2270 | D:3      | Found a bloodstained altar of Trog.
  2284 | D:3      | XOM: potion effect (might)
  2400 | D:4      | Noticed MordorOrchid's ghost (average OpEn)
  2400 | D:4      | XOM: confuse monster(s)
  2414 | D:4      | Reached skill level 4 in Axes
  2414 | D:4      | Reached XP level 5. HP: 41/46 MP: 3/5
  2429 | D:4      | XOM: potion effect (magic)
  2433 | D:4      | XOM: potion effect (invisibility)
  2444 | D:4      | XOM: potion effect (agility)
  2474 | D:4      | XOM: harmless Divn miscast
  2479 | D:4      | XOM: potion effect (berserk rage)
  2486 | D:4      | Killed MordorOrchid's ghost
  2486 | D:4      | Reached XP level 6. HP: 52/52 MP: 6/6
  2620 | D:4      | XOM: harmless Fire miscast
  2680 | D:4      | XOM: divination: detect creatures
  2757 | D:4      | Noticed Blork the orc
  2760 | D:4      | XOM: potion effect (brilliance)
  2764 | D:4      | XOM: harmless Erth miscast
  2775 | D:4      | Noticed an ogre
  2776 | D:4      | XOM: harmless Fire miscast
  2782 | D:4      | XOM: harmless Conj miscast
  2786 | D:4      | XOM: harmless Summ miscast
  2795 | D:4      | XOM: silly message
  2801 | D:4      | Killed Blork the orc
  2980 | D:4      | XOM: harmless Hex miscast
  2992 | D:4      | Killed an ogre
  3007 | D:4      | XOM: harmless Divn miscast
  3045 | D:3      | Found a shimmering altar of Xom.
  3063 | D:4      | Noticed an ogre
  3064 | D:4      | Noticed an ogre
  3066 | D:4      | XOM: potion effect (berserk rage)
  3075 | D:4      | Killed an ogre
  3075 | D:4      | Reached XP level 7. HP: 60/60 MP: 7/7
  3137 | D:4      | XOM: harmless Air miscast
  3159 | D:4      | XOM: mild Fire miscast
  3172 | D:4      | XOM: divination: detect creatures
  3187 | D:4      | Killed an ogre
  3260 | D:4      | Reached skill level 5 in Axes
  3319 | D:4      | Found a staircase to the Ecumenical Temple.
  3406 | D:4      | Reached skill level 5 in Fighting
  3731 | D:4      | XOM: cast spell 'Excruciating Wounds'
  3782 | D:4      | Noticed a giant frog
  3791 | D:4      | Killed a giant frog
  4221 | D:5      | Entered Level 5 of the Dungeon
  4226 | D:5      | XOM: noise
  4228 | D:5      | XOM: harmless Chrm miscast
  4233 | D:5      | Reached XP level 8. HP: 34/68 MP: 4/8
  4488 | D:5      | Found a burning altar of Makhleb.
  4721 | D:5      | Found a snail-covered altar of Cheibriados.
  4860 | D:5      | XOM: harmless Pois miscast
  5075 | D:6      | XOM: cast spell 'Olgreb's Toxic Radiance'
  5076 | D:6      | XOM: divination: detect creatures
  5086 | D:6      | Reached skill level 6 in Axes
  5196 | D:5      | XOM: divination: detect creatures
  5240 | D:5      | XOM: harmless Trmt miscast
  5510 | D:6      | Found a shadowy altar of Dithmenos.
  5517 | D:6      | XOM: harmless Necr miscast
  5527 | D:6      | XOM: divination: detect creatures
  5618 | D:6      | XOM: divination: magic mapping
  5657 | D:6      | XOM: harmless Necr miscast
  5796 | D:6      | XOM: harmless Fire miscast
  5824 | D:6      | XOM: harmless Tloc miscast
  5867 | D:6      | Found Raoli's Armour Boutique.
  5878 | D:6      | Reached XP level 9. HP: 57/74 MP: 7/9
  5976 | D:6      | Found a glowing silver altar of Zin.
  6136 | D:6      | XOM: mild Chrm miscast
  6201 | D:6      | XOM: scenery: create altars
  6420 | D:7      | XOM: fake destruction
  6421 | D:7      | Reached skill level 5 in Dodging
  6446 | D:7      | Reached skill level 5 in Armour
  6520 | D:7      | XOM: cast spell 'Spider Form'
  6546 | D:7      | Found a sand-covered staircase.
  6580 | Ossuary  | Entered an ossuary
  6609 | Ossuary  | Reached skill level 7 in Axes
  6659 | Ossuary  | XOM: 8-stop teleportation journey
  6852 | Ossuary  | XOM: vitrification
  6861 | Ossuary  | XOM: summons 2 friendly demons
  6900 | D:7      | XOM: summons friendly quasit
  6923 | D:7      | XOM: colour smoke trail
  6980 | D:7      | XOM: give mutation
  6980 | D:7      | Gained mutation: You are weak. (Str -2) [Xom's mischief]
  7487 | D:7      | XOM: mild Conj miscast
  7605 | D:7      | XOM: medium Necr miscast
  7611 | D:8      | XOM: confuse monster(s)
  7658 | D:8      | Reached skill level 8 in Axes
  7662 | D:8      | Noticed Grum
  7831 | D:8      | XOM: harmless Fire miscast
  7839 | D:8      | Found a staircase to the Lair.
  7858 | D:8      | XOM: confuse monster(s)
  7862 | D:8      | XOM: cast spell 'Spider Form'
  7863 | D:8      | Noticed Grum
  7863 | D:8      | Grum changed into Grum the worker ant
  7863 | D:8      | XOM: polymorph Grum -> Grum the worker ant
  7868 | D:8      | Killed Grum the worker ant
  7879 | D:8      | Reached XP level 10. HP: 78/81 MP: 8/10
  7941 | D:8      | Noticed a centaur skeleton
  7953 | D:8      | Killed a centaur skeleton
  8075 | D:8      | XOM: noise
  8405 | D:9      | Noticed Prince Ribbit
  8412 | D:9      | XOM: enchant monster (bad)
  8423 | D:9      | XOM: polymorph troll -> komodo dragon
  8431 | D:9      | XOM: mild Trmt miscast
  8439 | D:9      | XOM: stat loss: -1 Str (15/16)
  8441 | D:9      | XOM: 9-stop teleportation journey
  8824 | D:9      | Noticed a mana viper
  8824 | D:9      | a snapping turtle changed into a mana viper
  8825 | D:9      | a mana viper changed into a yaktaur
  8871 | D:9      | Noticed a hill giant
  8879 | D:9      | XOM: give mutations
  8879 | D:9      | Gained mutation: You occasionally shout uncontrollably at your foes. [Xom's mischief]
  8879 | D:9      | Gained mutation: You are very weak. (Str -4) [Xom's mischief]
  8888 | D:9      | XOM: mild Necr miscast
  8901 | D:9      | XOM: summons 5 hostile shadow creatures
  8905 | D:9      | Killed a hill giant
  9002 | D:9      | XOM: medium Ice miscast
  9126 | D:9      | Found a glowing golden altar of the Shining One.
  9301 | D:9      | XOM: summons 3 hostile shadow creatures
  9403 | D:9      | XOM: silly message
  9416 | D:9      | XOM: vitrification
  9430 | D:9      | XOM: mild Tloc miscast
  9433 | D:9      | Noticed a black mamba
  9433 | D:9      | a yak changed into a black mamba
  9433 | D:9      | XOM: polymorph yak -> black mamba
  9434 | D:9      | XOM: potion effect (magic)
  9458 | D:9      | Killed a black mamba
  9463 | D:9      | XOM: summons 2 friendly demons
  9473 | D:9      | XOM: confuse monster(s)
  9474 | D:9      | XOM: confuse monster(s)
  9489 | D:9      | Killed Prince Ribbit
  9489 | D:9      | Reached skill level 9 in Axes
  9580 | D:9      | XOM: mild Summ miscast
  9787 | D:9      | XOM: mild Conj miscast
  9898 | D:9      | XOM: chaos cloud
  9901 | D:9      | Paralysed by you for 7 turns
  9946 | D:9      | XOM: medium Pois miscast
 10223 | D:9      | XOM: noise
 10230 | D:9      | Noticed a two-headed hydra
 10245 | D:9      | XOM: confusion (+ monsters)
 10247 | D:9      | Killed a two-headed hydra
 10247 | D:9      | Reached XP level 11. HP: 75/86 MP: 7/11
 10276 | D:9      | XOM: fog
 10318 | D:9      | XOM: mild Ice miscast
 10336 | D:9      | Gained mutation: You expend magic power (3 MP) to strengthen your wands. [mutagenic glow]
 10552 | D:9      | Noticed an unseen horror
 10562 | D:9      | XOM: medium Air miscast
 10572 | D:9      | Killed an unseen horror
 10594 | D:9      | XOM: silly message
 10629 | D:10     | Entered Level 10 of the Dungeon
 10659 | D:10     | Found an ancient bone altar of Kikubaaqudgha.
 10684 | D:10     | Reached skill level 1 in Necromancy
 10920 | D:10     | XOM: enchant monster (bad)
 10975 | D:10     | XOM: 1-stop teleportation journey
 11154 | D:10     | XOM: 9-stop teleportation journey
 11254 | D:10     | XOM: summons 5 hostile demons
 11334 | D:11     | Found a staircase to the Orcish Mines.
 11334 | D:11     | XOM: mild Air miscast
 11453 | D:11     | Found a frozen archway.
 11492 | IceCv    | Entered an ice cave
 11547 | IceCv    | XOM: polymorph ice beast -> crocodile
 11562 | IceCv    | XOM: enchant monster (bad)
 11757 | IceCv    | XOM: chaos cloud
 11759 | IceCv    | Paralysed by you for 3 turns
 11811 | IceCv    | Noticed an ice statue
 11892 | IceCv    | Noticed an ice statue
 11928 | IceCv    | XOM: confusion (+ monsters)
 11936 | IceCv    | Killed an ice statue
 12104 | IceCv    | Noticed an ice dragon
 12108 | IceCv    | Gained mutation: You sometimes yell uncontrollably at your foes. [potion of mutation]
 12108 | IceCv    | Gained mutation: You are partially covered in slimy green scales (AC +2). [potion of mutation]
 12119 | IceCv    | Noticed an ice dragon
 12370 | D:11     | XOM: polymorph worker ant -> hound
 12535 | D:11     | Reached skill level 10 in Axes
 12559 | D:11     | XOM: divination: detect creatures
 12610 | D:11     | XOM: snakes to sticks
 12621 | D:11     | XOM: god gift: gnarled runed rod {god gift}
 12753 | D:11     | Noticed an obsidian statue
 12988 | D:11     | Noticed an ice statue
 13046 | Orc:1    | XOM: stealth player
 13046 | Orc:1    | Entered Level 1 of the Orcish Mines
 13146 | Orc:1    | Noticed Urug
 13151 | Orc:1    | XOM: summons 7 friendly demons
 13159 | Orc:1    | Killed Urug
 13479 | Orc:3    | Found a staircase to the Elven Halls.
 13733 | Orc:3    | XOM: silly message
 13742 | Orc:3    | XOM: divination: magic mapping
 13918 | D:10     | XOM: noise
 13970 | D:10     | XOM: polymorph sky beast -> wyvern
 14136 | D:9      | XOM: stat loss: -1 Dex (8/9)
 14179 | Lair:1   | XOM: stealth player
 14179 | Lair:1   | Entered Level 1 of the Lair of Beasts
 14218 | Lair:1   | XOM: confuse monster(s)
 14257 | Lair:1   | XOM: divination: detect items
 14266 | Lair:1   | XOM: summons 5 hostile demons
 14312 | Lair:1   | XOM: confuse monster(s)
 14596 | Lair:1   | XOM: chaos cloud
 14614 | Lair:1   | Reached XP level 12. HP: 84/95 MP: 12/12
 14926 | Lair:1   | Got a warped leather armour
 14937 | Lair:1   | Identified the +3 leather armour of Pandemonium {Dex+9} (You found it on level 1 of the Lair of Beasts)
 15066 | Lair:1   | Reached skill level 11 in Axes
 15249 | Lair:1   | XOM: destruction
 15564 | Lair:1   | XOM: cast spell 'Discord'
 15650 | Lair:1   | XOM: mild Tloc miscast
 15672 | Lair:1   | XOM: noise
 15710 | Lair:2   | Noticed a four-headed hydra
 15758 | Lair:2   | Noticed a five-headed hydra
 15765 | Lair:2   | Killed a three-headed hydra
 15776 | Lair:2   | Noticed Nergalle
 15805 | Lair:2   | XOM: polymorph spiny frog -> eye of draining
 15805 | Lair:2   | Killed Nergalle
 15840 | Lair:2   | Killed a four-headed hydra
 16035 | Lair:2   | Your ally Nergalle died
 16039 | Lair:2   | XOM: give mutations
 16039 | Lair:2   | Gained mutation: You are robust (+10% HP). [Xom's grace]
 16039 | Lair:2   | Gained mutation: You possess an exceptional clarity of mind. [Xom's grace]
 16039 | Lair:2   | Gained mutation: Your flesh is heat resistant. [Xom's grace]
 16045 | Lair:2   | XOM: smoke on damage
 16047 | Lair:2   | XOM: 9-stop teleportation journey
 16142 | Lair:2   | Noticed a seven-headed hydra
 16151 | Lair:2   | Killed a five-headed hydra
 16160 | Lair:2   | XOM: potion effect (berserk rage)
 16259 | Lair:2   | XOM: harmless Necr miscast
 16351 | Lair:2   | XOM: harmless Chrm miscast
 16418 | Lair:2   | XOM is BORED!
 16418 | Lair:2   | XOM: medium Chrm miscast
 16546 | Lair:2   | Reached skill level 12 in Axes
 16627 | Lair:2   | XOM: harmless Air miscast
 17531 | Lair:3   | Found a staircase to the Snake Pit.
 17679 | Lair:3   | Found a staircase to the Swamp.
 17690 | Lair:3   | XOM: enchant monster (bad)
 17691 | Lair:3   | XOM: cast spell 'Stoneskin'
 17730 | Lair:3   | XOM: noise
 17735 | Lair:3   | XOM: mild Summ miscast
 17880 | Lair:3   | XOM: confuse monster(s)
 17882 | Lair:3   | XOM: confuse monster(s)
 18238 | Lair:4   | Reached XP level 13. HP: 117/117 MP: 11/13
 18465 | Lair:4   | XOM: harmless Necr miscast
 19193 | Lair:5   | XOM: noise
 19198 | Lair:4   | XOM: chaos cloud
 19261 | Lair:5   | XOM: silly message
 19295 | Lair:5   | XOM: potion effect (berserk rage)
 19386 | Lair:5   | Reached skill level 13 in Axes
 19455 | Lair:5   | XOM: mild Erth miscast
 19458 | Lair:5   | Lost mutation: You are robust (+10% HP). [potion of cure mutation]
 19458 | Lair:5   | Lost mutation: You are very weak. (Str -4) [potion of cure mutation]
 19458 | Lair:5   | Lost mutation: You possess an exceptional clarity of mind. [potion of cure mutation]
 19458 | Lair:5   | Lost mutation: You are partially covered in slimy green scales (AC +2). [potion of cure mutation]
 19458 | Lair:5   | Lost mutation: You are weak. (Str -2) [potion of cure mutation]
 19459 | Lair:5   | Lost mutation: You expend magic power (3 MP) to strengthen your wands. [potion of cure mutation]
 19459 | Lair:5   | Lost mutation: Your flesh is heat resistant. [potion of cure mutation]
 19459 | Lair:5   | Lost mutation: You sometimes yell uncontrollably at your foes. [potion of cure mutation]
 19459 | Lair:5   | Lost mutation: You occasionally shout uncontrollably at your foes. [potion of cure mutation]
 19463 | Lair:5   | XOM: noise
 19558 | Lair:5   | XOM: give mutation
 19558 | Lair:5   | Gained mutation: You are weak. (Str -2) [Xom's mischief]
 19587 | Lair:5   | XOM: 1-stop teleportation journey
 19664 | Lair:5   | Identified a scroll of acquirement
 19818 | Lair:5   | XOM: confuse monster(s)
 19853 | Lair:5   | XOM is BORED!
 19853 | Lair:5   | XOM: mild Necr miscast
 19867 | Lair:5   | XOM: colour smoke trail
 19929 | Lair:5   | XOM: noise
 20022 | Lair:5   | XOM: mild Trmt miscast
 20311 | Lair:6   | XOM: polymorph sheep -> worker ant
 20426 | Lair:6   | XOM: fog
 20443 | Lair:6   | XOM: divination: magic mapping
 20450 | Lair:6   | XOM: 5-stop teleportation journey
 20506 | Lair:6   | XOM: summons 6 hostile demons
 20665 | Lair:6   | XOM: smoke on damage
 20791 | Lair:6   | XOM: god gift: 10 arrows of frost
 20819 | Lair:6   | XOM: god gift: long sword {god gift}
 20832 | Lair:6   | XOM: give mutations
 20832 | Lair:6   | Gained mutation: You are partially covered in rugged brown scales (AC +1, +3% HP). [Xom's mischief]
 20832 | Lair:6   | Gained mutation: You are very weak. (Str -4) [Xom's mischief]
 20832 | Lair:6   | Gained mutation: You are clumsy. (Dex -2) [Xom's mischief]
 20994 | Lair:6   | XOM: enchant monster (good)
 21000 | Lair:6   | XOM: summons friendly ufetubus
 21006 | Lair:6   | Reached skill level 10 in Armour
 21054 | Lair:6   | XOM: vitrification
 21162 | Lair:7   | XOM: god gift: crystal ball of energy
 21232 | Lair:7   | XOM: destruction
 21283 | Lair:7   | XOM: cast spell 'Summon Butterflies'
 21470 | Lair:7   | XOM: summons 3 friendly demons
 21496 | Lair:7   | XOM: divination: detect items
 21512 | Lair:7   | XOM: colour smoke trail
 21593 | Lair:7   | Found a staircase to the Slime Pits.
 21593 | Lair:7   | Found a viscous altar of Jiyva.
 21593 | Lair:7   | XOM: 2-stop teleportation journey
 21638 | Lair:7   | XOM: harmless Pois miscast
 22012 | Lair:8   | Entered Level 8 of the Lair of Beasts
 22032 | Lair:7   | Reached skill level 14 in Axes
 22039 | Lair:8   | XOM: enchant monster (bad)
 22184 | Lair:7   | XOM: give mutations
 22184 | Lair:7   | Gained mutation: You are dopey. (Int -2) [Xom's mischief]
 22184 | Lair:7   | Gained mutation: Your magical capacity is low (-10% MP). [Xom's mischief]
 22184 | Lair:7   | Lost mutation: You are very weak. (Str -4) [Xom's mischief]
 22184 | Lair:7   | Gained mutation: Scrolls take you a little longer to read. [Xom's mischief]
 22276 | Lair:7   | XOM: enchant monster (bad)
 22277 | Lair:7   | XOM: fog
 22278 | Lair:7   | XOM: enchant monster (good)
 22432 | Lair:8   | XOM: swap monsters
 22559 | Lair:8   | XOM: summons 3 friendly demons
 22565 | Lair:8   | XOM: cast spell 'Conjure Ball Lightning'
 22583 | Lair:8   | XOM: swap monsters
 22595 | Lair:8   | XOM: silly message
 22606 | Lair:8   | XOM: confuse monster(s)
 22809 | Lair:8   | XOM: mild Conj miscast
 22847 | Lair:8   | Reached skill level 15 in Axes
 22879 | Lair:8   | Reached XP level 14. HP: 75/118 MP: 8/12
 22908 | Lair:8   | XOM: enchant monster (good)
 22915 | Lair:8   | XOM: confuse monster(s)
 23025 | Lair:8   | XOM: silly message
 23287 | Lair:8   | XOM: give mutations
 23287 | Lair:8   | Gained mutation: You have a pair of small horns on your head. [Xom's grace]
 23287 | Lair:8   | Gained mutation: You are resistant to electric shocks. [Xom's grace]
 23287 | Lair:8   | Gained mutation: You are partially covered in icy blue scales (AC +1). [Xom's grace]
 23431 | Lair:8   | XOM: god gift: rapier {god gift}
 23460 | Lair:8   | XOM: divination: detect creatures
 23487 | Lair:8   | XOM: cast spell 'Discord'
 23818 | Lair:8   | XOM: confuse monster(s)
 23824 | Lair:8   | XOM: enchant monster (good)
 23870 | Lair:8   | XOM: mild Pois miscast
 24080 | Lair:8   | XOM: swap monsters
 24184 | Lair:8   | XOM: silly message
 24189 | Lair:8   | XOM: medium Pois miscast
 24197 | Lair:8   | XOM: chaos cloud
 24201 | Lair:8   | XOM: severe Hex miscast
 24208 | Lair:8   | XOM: potion effect (agility)
 24232 | Lair:8   | XOM: silly message
 24452 | Lair:8   | XOM: noise
 24467 | Lair:8   | Reached skill level 16 in Axes
 24475 | Lair:8   | XOM: enchant monster (good)
 24679 | Lair:8   | XOM: summons 7 hostile demons
 24766 | Lair:8   | XOM: chaos cloud
 24773 | Lair:8   | XOM: blink monster(s)
 24774 | Lair:8   | XOM: chaos cloud
 25547 | D:11     | XOM: noise
 25717 | D:12     | XOM: colour smoke trail
 25884 | D:12     | You fall through a shaft!
 25930 | D:12     | XOM: noise
 25994 | D:12     | XOM: summons 4 hostile demons
 25997 | D:12     | XOM: confusion (+ monsters)
 26064 | D:12     | XOM: 2-stop teleportation journey
 26162 | D:12     | XOM: enchant monster (good)
 26254 | D:12     | XOM: fake destruction
 26274 | D:12     | XOM: vitrification
 26582 | D:13     | XOM: summons 6 friendly demons
 26636 | D:13     | Found Ixar's Armour Emporium.
 26825 | D:13     | XOM: summons 3 friendly demons
 26891 | D:13     | XOM: give mutation
 26891 | D:13     | Lost mutation: You are clumsy. (Dex -2) [Xom's grace]
 27087 | D:13     | XOM: enchant monster (good)
 27094 | D:13     | Reached skill level 17 in Axes
 27378 | D:13     | XOM: god gift: scroll labeled QAMAANYRUL
 27600 | D:14     | XOM: 2-stop teleportation journey
 27650 | D:14     | XOM: potion effect (curing)
 27659 | D:14     | Found a basalt altar of Yredelemnul.
 27671 | D:14     | Found a shattered altar of Ashenzari.
 27680 | D:14     | Found a radiant altar of Vehumet.
 27721 | D:14     | Found a runed door.
 27754 | D:14     | XOM: swap monsters
 27763 | D:14     | Found a shadowy altar of Dithmenos.
 27790 | D:14     | Found a blossoming altar of Fedhas.
 27807 | D:14     | Found a bloodstained altar of Trog.
 27896 | D:14     | XOM: stat loss: -1 Str (15/16)
 28118 | D:14     | XOM: swap monsters
 28158 | D:14     | Noticed Rupert
 28464 | D:14     | XOM: give mutations
 28464 | D:14     | Gained mutation: You evolve. [Xom's grace]
 28464 | D:14     | Lost mutation: You are weak. (Str -2) [Xom's grace]
 28495 | D:14     | XOM: summons 2 friendly demons
 28516 | D:15     | Entered Level 15 of the Dungeon
 28538 | D:15     | XOM: fake destruction
 28545 | D:15     | XOM: divination: detect creatures
 28548 | D:15     | XOM: divination: detect creatures
 28889 | D:15     | XOM: mild Ice miscast
 28976 | D:15     | XOM: polymorph deep elf knight -> deep troll
 29174 | D:15     | XOM: divination: detect creatures
 29180 | D:15     | Reached XP level 15. HP: 110/124 MP: 13/13
 29340 | D:15     | Noticed an azure jelly
 29342 | D:15     | an azure jelly changed into a ghost moth
 29353 | D:15     | Reached skill level 1 in Evocations
 29431 | D:15     | Gained mutation: You can translocate small distances at will. [evolution]
 29437 | D:15     | Found a shimmering altar of Xom.
 29494 | D:15     | Found a staircase to the Depths.
 29520 | D:15     | XOM: noise
 29621 | D:15     | XOM: confuse monster(s)
 29844 | D:15     | XOM: divination: detect creatures
 30595 | Orc:4    | Entered Level 4 of the Orcish Mines
 30604 | Orc:4    | Found a roughly hewn altar of Beogh.
 30728 | Orc:3    | XOM: divination: magic mapping
 30776 | Orc:3    | Found a roughly hewn altar of Beogh.
 30776 | Orc:3    | Noticed an orc high priest
 30795 | Orc:3    | Killed an orc high priest
 30823 | Orc:3    | Found a roughly hewn altar of Beogh.
 30974 | Orc:3    | XOM: harmless Pois miscast
 31015 | Orc:3    | XOM: polymorph orc warrior -> ooze
 31080 | Orc:2    | XOM: enchant monster (good)
 31237 | Orc:2    | Found a roughly hewn altar of Beogh.
 31482 | Orc:2    | XOM: harmless Pois miscast
 31521 | Orc:2    | XOM: 2-stop teleportation journey
 31785 | Orc:4    | XOM: summons friendly quasit
 31878 | Orc:4    | XOM: medium Necr miscast
 31968 | Orc:4    | XOM: potion effect (curing)
 32044 | Orc:4    | XOM: silly message
 32046 | Orc:4    | Found Buil's Jewellery Shop.
 32092 | Orc:4    | Reached skill level 18 in Axes
 32112 | Orc:4    | XOM: destruction
 32119 | Orc:4    | XOM: confuse monster(s)
 32145 | Orc:4    | Paralysed by an orc sorcerer for 2 turns
 32267 | Orc:4    | XOM: harmless Conj miscast
 32335 | Orc:4    | Found Ceh Pol's Antique Armour Shop.
 32573 | Orc:4    | XOM: enchant monster (good)
 32591 | Orc:4    | Paralysed by an orc sorcerer for 3 turns
 32674 | Orc:4    | Found Yczesupt's Antique Weapon Emporium.
 32682 | Orc:4    | Bought a runed battleaxe for 175 gold pieces
 32800 | Orc:4    | XOM: 2-stop teleportation journey
 32963 | Orc:4    | XOM: blink monster(s)
 32970 | Orc:4    | XOM: enchant monster (bad)
 33172 | Orc:4    | XOM is BORED!
 33172 | Orc:4    | XOM: medium Necr miscast
 33462 | Orc:4    | Found Yla Zyjipn's General Store.
 33505 | Orc:4    | XOM: confusion (+ monsters)
 33541 | Orc:4    | XOM: colour smoke trail
 34166 | Lair:2   | Reached skill level 5 in Necromancy
 34230 | Snake:1  | Entered Level 1 of the Snake Pit
 34404 | Snake:1  | XOM: mild Air miscast
 34405 | Snake:1  | XOM: cast spell 'Cause Fear'
 34688 | Snake:1  | XOM: 2-stop teleportation journey
 34869 | Snake:1  | Reached skill level 5 in Evocations
 34885 | Snake:1  | XOM: give mutation
 34885 | Snake:1  | Lost mutation: Your magical capacity is low (-10% MP). [Xom's mischief]
 35114 | Snake:1  | Noticed Nikola
 35131 | Snake:1  | XOM: smoke on damage
 35132 | Snake:1  | XOM: silly message
 35142 | Snake:1  | Killed Nikola
 35202 | Snake:1  | XOM: harmless Chrm miscast
 35362 | Snake:1  | Your ally Nikola died
 35857 | Snake:1  | XOM: harmless Divn miscast
 36387 | Snake:2  | XOM: potion effect (brilliance)
 36422 | Snake:1  | XOM: cast spell 'Stoneskin'
 36515 | Snake:2  | Got a pair of dazzling gloves
 36521 | Snake:2  | Identified the cursed +0 pair of gloves of Jopsus {rF+} (You found it on level 2 of the Snake Pit)
 36536 | Snake:2  | Noticed a greater naga
 36538 | Snake:2  | XOM: divination: detect creatures
 36673 | Swamp:1  | Entered Level 1 of the Swamp
 36681 | Swamp:1  | XOM: potion effect (invisibility)
 36706 | Swamp:1  | XOM: silly message
 36847 | Swamp:1  | XOM: cast spell 'Excruciating Wounds'
 36850 | Swamp:1  | XOM: noise
 36864 | Swamp:1  | XOM: confuse monster(s)
 36867 | Swamp:1  | XOM: confuse monster(s)
 36900 | Swamp:1  | Reached XP level 16. HP: 61/138 MP: 20/20
 37144 | Swamp:1  | XOM: polymorph spider -> raven
 37456 | Swamp:2  | XOM: fog
 37710 | Swamp:2  | Gained mutation: You are resistant to hostile enchantments. [evolution]
 37791 | Swamp:2  | XOM: divination: magic mapping
 37844 | Swamp:2  | XOM: smoke on damage
 37846 | Swamp:2  | XOM: confusion
 37858 | Swamp:2  | Reached skill level 10 in Fighting
 37861 | Swamp:2  | XOM: chaos cloud
 38055 | Swamp:2  | XOM: chaos upgrade
 38557 | Swamp:3  | XOM: 4-stop teleportation journey
 38672 | Swamp:3  | XOM: mild Conj miscast
 38685 | Swamp:3  | XOM: 1-stop teleportation journey
 38686 | Swamp:3  | XOM: repel stairs
 38701 | Swamp:3  | XOM: chaos cloud
 38708 | Swamp:3  | XOM: torment (37/153 hp)
 38712 | Swamp:3  | XOM: give mutations
 38712 | Swamp:3  | Gained mutation: You are frail (-10% HP). [Xom's mischief]
 38712 | Swamp:3  | Gained mutation: You heal slowly when monsters are visible. [Xom's mischief]
 38751 | Swamp:3  | XOM: give mutations
 38751 | Swamp:3  | Gained mutation: You are clumsy. (Dex -2) [Xom's mischief]
 38751 | Swamp:3  | Gained mutation: Your body sometimes deteriorates upon taking damage. [Xom's mischief]
 38751 | Swamp:3  | Lost mutation: You are clumsy. (Dex -2) [Xom's mischief]
 38845 | Swamp:3  | XOM: give mutations
 38845 | Swamp:3  | Gained mutation: You have a beak for a mouth. [Xom's grace]
 38845 | Swamp:3  | Gained mutation: Your spells are a little harder to cast, but a little more powerful. [Xom's grace]
 38845 | Swamp:3  | Gained mutation: Your spells are harder to cast, but more powerful. [Xom's grace]
 38845 | Swamp:3  | Gained mutation: You are partially covered in slimy green scales (AC +2). [Xom's grace]
 39193 | Swamp:3  | XOM: 1-stop teleportation journey
 39340 | Swamp:3  | XOM: vitrification
 39391 | Swamp:4  | Entered Level 4 of the Swamp
 39509 | Swamp:4  | XOM: polymorph seven-headed hydra -> ettin
 39510 | Swamp:4  | XOM: chaos cloud
 39533 | Swamp:4  | XOM: 1-stop teleportation journey
 39547 | Swamp:4  | XOM: chaos cloud
 39645 | Swamp:4  | XOM: enchant monster (good)
 39647 | Swamp:4  | HP: 6/139 [spectral seven-headed hydra[a ghost crab] (2)]
 39649 | Swamp:4  | Engulfed by a cloud of ghostly flame

Action                   |  1- 3 |  4- 6 |  7- 9 | 10-12 | 13-15 | 16-18 || total
-------------------------+-------+-------+-------+-------+-------+-------++-------
Melee: Hand axe          |   131 |    91 |   634 |   685 |     8 |     6 ||  1555
       Unarmed           |       |       |    21 |       |       |       ||    21
       Flail             |       |       |       |    17 |       |       ||    17
       War axe           |       |       |       |   309 |       |       ||   309
       Quarterstaff      |       |       |       |    69 |       |       ||    69
       Battleaxe         |       |       |       |   261 |  1834 |   209 ||  2304
 Fire: Blowgun           |       |    13 |    30 |    56 |     6 |       ||   105
Throw: Stone             |     1 |       |     1 |     2 |       |       ||     4
       Javelin           |       |       |       |       |     7 |     2 ||     9
 Cast: Animate Skeleton  |     4 |     9 |    23 |    67 |   132 |     9 ||   244
Evoke: Wand              |       |       |     1 |    16 |     7 |    19 ||    43
       Rod               |       |       |       |    47 |    58 |    11 ||   116
       Sack of spiders   |       |       |       |     1 |     1 |    12 ||    14
       Fan of gales      |       |       |       |     1 |       |     1 ||     2
       Deck              |       |       |       |       |     2 |       ||     2
       Lamp of fire      |       |       |       |       |     1 |     1 ||     2
       Phial of floods   |       |       |       |       |       |     1 ||     1
  Use: Scroll            |     2 |     1 |     8 |    19 |    23 |     6 ||    59
       Potion            |       |       |     2 |    13 |    11 |     4 ||    30
 Stab: Petrifying        |       |     1 |       |     3 |     2 |       ||     6
       Invisible         |       |     1 |       |       |     3 |       ||     4
       Paralysed         |       |       |    19 |    15 |       |     4 ||    38
       Petrified         |       |       |     5 |     3 |       |       ||     8
       Confused          |       |       |     3 |    12 |    12 |       ||    27
       Distracted        |       |       |       |     6 |     5 |       ||    11
       Sleeping          |       |       |       |       |     4 |       ||     4
       Fleeing           |       |       |       |       |       |     1 ||     1
  Eat: Chunk             |     2 |     5 |    11 |    31 |    56 |     5 ||   110
       Royal jelly       |       |       |     1 |       |     2 |       ||     3
       Pizza             |       |       |     2 |     6 |     2 |       ||    10
       Fruit             |       |       |       |     2 |     4 |     4 ||    10
       Beef jerky        |       |       |       |     1 |     4 |       ||     5
       Bread ration      |       |       |       |     3 |     3 |     1 ||     7
